Gulls vs Firebirds
Created - May 11, 2025 at 23:25
Goals
|
| Gulls |
1 |
1 |
2 |
4 |
| Firebirds |
0 |
4 |
2 |
6 |
|
Shots
|
| Gulls |
8 |
9 |
16 |
33 |
| Firebirds |
12 |
13 |
5 |
30 |
|
1st period
1. Gulls , Dominic Turgeon 33 (Jakub Vrana 41, Scott Wilson 19) at 12:56
Penalties :
No Penalty
2nd period
2. Gulls , Anton Blidh 46 (Ryan Collins 2) at 3:39
3. Firebirds , Tanner Richard 20 (Hayden Hodgson 41, Thomas Spelling 47) at 6:54
4. Firebirds , Matej Blumel 9 (Jonah Gadjovich 9, Jasper Weatherby 16) at 8:24
5. Firebirds , Fredrik Olofsson 19 (Jakub Zboril 40, Dylan Coghlan 23) at 11:03
6. Firebirds , Jonah Gadjovich 13 (Jasper Weatherby 17) at 16:22
Penalties :
Thomas Spelling (Coa) for Tripping (Minor) at 13:48
3rd period
7. Gulls , Dominic Turgeon 34 (Jakub Vrana 42, Anton Blidh 57) at 0:18 (PP)
8. Gulls , Anton Blidh 47 (Dominic Turgeon 44, Jakub Vrana 43) at 8:59 (PP)
9. Firebirds , Jasper Weatherby 10 (Fredrik Olofsson 28, Magnus Hellberg) at 12:18
10. Firebirds , Jakub Zboril 8 (Fredrik Olofsson 29, Maksim Sushko 8) at 19:29 (Empty Net)
Penalties :
Jakub Zboril (Coa) for Holding Stick (Minor) at 0:04, Pierre-Luc Dubois (Coa) for Holding Stick (Minor) at 7:52, Tanner Richard (Coa) for Tripping (Minor) at 8:15, Jacob Middleton (Coa) for Roughing (Minor) at 11:00, Jakub Vrana (S.D) for High sticking (Minor) at 11:14, Jakub Vrana (S.D) for Roughing (Minor) at 17:00
Goalie Stats
Eamon McAdam (S.D), 24 saves from 29 shots - (0.828), L, 9-12-2, 59:42 minutes
Magnus Hellberg (Coa), 29 saves from 33 shots - (0.879), W, 14-7-5, 60:00 minutes
Players Stats for Gulls
Player Name G A P +/- PIM S H SB GA TA FO MP PP MP PK MP
------------------------------------------------------------------------------------
0 0 0 0 0 0 0 0 0 0 0/0 0:00 0:00 0:00
0 0 0 0 0 0 0 0 0 0 0/0 0:00 0:00 0:00
0 0 0 0 0 0 0 0 0 0 0/0 0:00 0:00 0:00
0 0 0 0 0 0 0 0 0 0 0/0 0:00 0:00 0:00
0 0 0 0 0 0 0 0 0 0 0/0 0:00 0:00 0:00
0 0 0 0 0 0 0 0 0 0 0/0 0:00 0:00 0:00
0 0 0 0 0 0 0 0 0 0 0/0 0:00 0:00 0:00
Andrei Mironov 0 0 0 0 0 0 0 2 0 2 0/0 27:46 3:26 1:06
Anton Blidh 2 1 3 0 0 4 2 0 0 0 3/4 23:09 3:16 1:02
Calvin Thurkauf 0 0 0 -3 0 1 0 0 0 0 4/7 13:46 0:00 0:49
Dominic Turgeon 2 1 3 1 0 5 1 1 0 1 22/34 22:32 3:16 0:57
Drew Helleson 0 0 0 -1 0 0 0 2 0 0 0/0 11:31 0:00 0:00
Dylan DeMelo 0 0 0 0 0 3 2 1 0 0 0/0 27:46 3:26 1:06
Henri Ikonen 0 0 0 -2 0 2 0 0 0 0 0/0 12:42 0:00 0:16
Jack Glover 0 0 0 -3 0 1 0 2 0 1 0/0 20:43 1:23 1:07
Jakub Vrana 0 3 3 0 4 6 1 1 1 0 1/1 22:01 3:15 0:00
Luke Kunin 0 0 0 -1 0 1 3 0 0 1 7/9 15:30 1:33 0:22
Massimo Rizzo 0 0 0 -1 0 1 1 0 0 0 3/5 7:20 0:00 0:00
Mikhail Maltsev 0 0 0 -1 0 4 0 0 1 0 0/0 7:31 0:00 0:00
Nick Merkley 0 0 0 -1 0 1 0 0 0 0 1/1 9:52 0:00 1:00
Ryan Collins 0 1 1 -1 0 0 1 0 1 0 0/0 11:31 0:00 0:00
Scott Wilson 0 1 1 -1 0 2 2 0 1 0 0/0 15:07 1:33 0:00
Sergey Tolchinsky 0 0 0 -1 0 1 1 0 1 0 1/1 15:07 1:33 0:00
Tarmo Reunanen 0 0 0 -3 0 0 2 2 0 0 0/0 20:43 1:23 1:07
Troy Terry 0 0 0 -1 0 1 2 0 0 0 0/0 11:23 0:00 0:00
Players Stats for Firebirds
Player Name G A P +/- PIM S H SB GA TA FO MP PP MP PK MP
------------------------------------------------------------------------------------
0 0 0 0 0 0 0 0 0 0 0/0 0:00 0:00 0:00
0 0 0 0 0 0 0 0 0 0 0/0 0:00 0:00 0:00
0 0 0 0 0 0 0 0 0 0 0/0 0:00 0:00 0:00
0 0 0 0 0 0 0 0 0 0 0/0 0:00 0:00 0:00
0 0 0 0 0 0 0 0 0 0 0/0 0:00 0:00 0:00
0 0 0 0 0 0 0 0 0 0 0/0 0:00 0:00 0:00
0 0 0 0 0 0 0 0 0 0 0/0 0:00 0:00 0:00
Dylan Coghlan 0 1 1 2 0 1 1 3 0 0 0/0 25:12 1:09 2:39
Eric Robinson 0 0 0 -1 0 1 0 1 0 0 0/0 16:18 0:56 1:09
Fredrik Olofsson 1 2 3 3 0 3 2 0 0 0 0/1 12:36 0:17 0:00
Garret Pilon 0 0 0 1 0 2 4 0 0 1 6/11 13:12 0:00 1:51
Hayden Hodgson 0 1 1 1 0 2 0 2 1 0 1/4 22:40 1:00 2:36
Jacob Middleton 0 0 0 3 2 0 0 1 0 0 0/0 15:15 0:14 0:14
Jakub Zboril 1 1 2 3 2 1 3 1 0 2 0/0 25:32 1:22 2:25
Jasper Weatherby 1 2 3 2 0 1 2 0 0 0 1/3 10:23 0:14 0:53
Jonah Gadjovich 1 1 2 1 0 2 1 0 1 0 0/1 6:57 0:00 0:00
Mac Hollowell 0 0 0 -2 0 0 0 0 0 1 0/0 20:33 0:51 2:10
Maksim Sushko 0 1 1 3 0 0 0 0 0 0 0/0 11:22 0:17 0:00
Matej Blumel 1 0 1 1 0 3 0 1 0 0 0/0 7:05 0:00 0:00
Matthew Kiersted 0 0 0 4 0 1 1 1 0 0 0/0 15:14 0:13 0:44
Pierre-Luc Dubois 0 0 0 -1 2 1 3 0 0 1 4/12 15:48 0:56 0:34
Tanner Richard 1 0 1 1 2 5 0 0 1 0 8/29 20:41 1:00 1:50
Thomas Spelling 0 1 1 1 2 5 1 1 2 0 0/1 18:57 0:49 0:00
Victor Mete 0 0 0 -2 0 1 1 0 0 0 0/0 19:49 0:51 1:26
Wade Allison 0 0 0 -1 0 1 1 1 0 0 0/0 15:03 0:56 0:00
3 Stars
1 - Fredrik Olofsson (Coa)
2 - Jasper Weatherby (Coa)
3 - Dominic Turgeon (S.D)
Power Play
Gulls - 2 on 5 Attempt(s) - 40.00%
Firebirds - 0 on 2 Attempt(s) - 0.00%
Penalty Kill
Gulls - 2 on 2 Attempt(s) - 100.00%
- Score 0 goal in Penalty Kill
Firebirds - 3 on 5 Attempt(s) - 60.00%
- Score 0 goal in Penalty Kill
Team Stat
Gulls - Hits : 18 - Faceoff Wins : 42 - Blocked Shots : 11 - Penalty Minutes : 4
Firebirds - Hits : 20 - Faceoff Wins : 20 - Blocked Shots : 12 - Penalty Minutes : 10
Official
Referees : Chris Lee and Frederick L'Ecuyer
Linesman : Brandon Gawryletz and Steve Miller
Game Notes
16:04 of 2nd period - Gulls goal is going for a video replay. After video review, No Goal. The net was displaced accidentally.
Jakub Zboril has scored in a empty net!
Finance
Level 1 -- Attendance: 1986 (99.30%) -- Ticket Income $139,020
Level 2 -- Attendance: 978 (97.80%) -- Ticket Income $39,120
Total Attendance: 2964 (98.80%)
Total Ticket Income: $178,140
Other Income: $8,907
Total Income: $187,047
Gulls
5 vs 5 Forward
Center Left Wing Right Wing Time % Phy DF OF
1 Dominic Turgeon Anton Blidh Jakub Vrana 40 1 2 2
2 Luke Kunin Sergey Tolchinsky Scott Wilson 30 1 2 2
3 Calvin Thurkauf Henri Ikonen Troy Terry 20 1 2 2
4 Massimo Rizzo Mikhail Maltsev Nick Merkley 10 1 2 2
5 vs 5 Defense
Defense Defense Time % Phy DF OF
1 Andrei Mironov Dylan DeMelo 40 1 2 2
2 Jack Glover Tarmo Reunanen 30 1 2 2
3 Ryan Collins Drew Helleson 20 1 2 2
4 Andrei Mironov Dylan DeMelo 10 1 2 2
PowerPlay Forward
Center Left Wing Right Wing Time % Phy DF OF
1 Dominic Turgeon Anton Blidh Jakub Vrana 60 1 2 2
2 Luke Kunin Sergey Tolchinsky Scott Wilson 40 1 2 2
PowerPlay Defense
Defense Defense Time % Phy DF OF
1 Andrei Mironov Dylan DeMelo 60 1 2 2
2 Jack Glover Tarmo Reunanen 40 1 2 2
Penalty Kill 4 Players Forward
Center Wing Time % Phy DF OF
1 Jakub Vrana Dominic Turgeon 60 1 2 2
2 Anton Blidh Scott Wilson 40 1 2 2
Penalty Kill 4 Players Defense
Defense Defense Time % Phy DF OF
1 Andrei Mironov Dylan DeMelo 60 1 2 2
2 Jack Glover Tarmo Reunanen 40 1 2 2
Penalty Kill - 3 Players Forward
Forward Time % Phy DF OF
1 Jakub Vrana 60 1 2 2
2 Dominic Turgeon 40 1 2 2
Penalty Kill - 3 Players Defense
Defense Defense Time % Phy DF OF
1 Andrei Mironov Dylan DeMelo 60 1 2 2
2 Jack Glover Tarmo Reunanen 40 1 2 2
4 vs 4 Forward
Center Wing Time % Phy DF OF
1 Jakub Vrana Dominic Turgeon 60 1 2 2
2 Anton Blidh Scott Wilson 40 1 2 2
4 vs 4 Defense
Defense Defense Time % Phy DF OF
1 Andrei Mironov Dylan DeMelo 60 1 2 2
2 Jack Glover Tarmo Reunanen 40 1 2 2
Last Minutes Offensive
Center Left Wing Right Wing Defense Defense
Dominic Turgeon Anton Blidh Jakub Vrana Andrei Mironov Dylan DeMelo
Last Minutes Defensive
Center Left Wing Right Wing Defense Defense
Dominic Turgeon Anton Blidh Jakub Vrana Andrei Mironov Dylan DeMelo
Goaltenders
Starting : Eamon McAdam
Backup : Louis Domingue
Extra Forwards
Normal : Anton Blidh, Dominic Turgeon, Jakub Vrana - PP : Anton Blidh, Jakub Vrana - PK : Nick Merkley
Extra Defensemen
Normal : Ryan Collins, Drew Helleson, Jack Glover - PP : Ryan Collins - PK : Drew Helleson, Jack Glover
Penalty Shots
Jakub Vrana, Dominic Turgeon, Anton Blidh, Scott Wilson, Sergey Tolchinsky
Custom OT Lines Forwards
Jakub Vrana, Dominic Turgeon, Anton Blidh, Scott Wilson, Sergey Tolchinsky, Troy Terry, Luke Kunin, Nick Merkley, Henri Ikonen, Calvin Thurkauf
Custom OT Lines Defensemen
Andrei Mironov, Dylan DeMelo, Jack Glover, Tarmo Reunanen, Ryan Collins
Scratches
Branden Troock (Healthy), Damien Giroux (Healthy), Jake Pivonka (Healthy), Francis Perron (Healthy), Taylor Leier (Healthy)
MacKenzie Entwistle (Healthy), Zack MacEwen (Healthy), Niklas Nordgren (Healthy), Markus Niemelainen (Sprained Right Knee Injury), Pavel Dorofeyev (Healthy)
Alexis Gravel (Healthy), Connor Ingram (Healthy), Mads Sogaard (Healthy)
Firebirds
5 vs 5 Forward
Center Left Wing Right Wing Time % Phy DF OF
1 Tanner Richard Hayden Hodgson Thomas Spelling 40 1 2 2
2 Pierre-Luc Dubois Eric Robinson Wade Allison 30 1 2 2
3 Garret Pilon Fredrik Olofsson Maksim Sushko 20 1 2 2
4 Jasper Weatherby Jonah Gadjovich Matej Blumel 10 1 2 2
5 vs 5 Defense
Defense Defense Time % Phy DF OF
1 Jakub Zboril Dylan Coghlan 40 1 2 2
2 Victor Mete Mac Hollowell 34 1 2 2
3 Matthew Kiersted Jacob Middleton 25 1 2 2
4 Matthew Kiersted Jacob Middleton 1 1 2 2
PowerPlay Forward
Center Left Wing Right Wing Time % Phy DF OF
1 Tanner Richard Hayden Hodgson Thomas Spelling 60 1 2 2
2 Pierre-Luc Dubois Eric Robinson Wade Allison 40 1 2 2
PowerPlay Defense
Defense Defense Time % Phy DF OF
1 Jakub Zboril Dylan Coghlan 60 1 2 2
2 Victor Mete Mac Hollowell 40 1 2 2
Penalty Kill 4 Players Forward
Center Wing Time % Phy DF OF
1 Tanner Richard Hayden Hodgson 60 1 2 2
2 Pierre-Luc Dubois Thomas Spelling 40 1 2 2
Penalty Kill 4 Players Defense
Defense Defense Time % Phy DF OF
1 Jakub Zboril Dylan Coghlan 60 1 2 2
2 Victor Mete Mac Hollowell 40 1 2 2
Penalty Kill - 3 Players Forward
Forward Time % Phy DF OF
1 Tanner Richard 60 1 2 2
2 Hayden Hodgson 40 1 2 2
Penalty Kill - 3 Players Defense
Defense Defense Time % Phy DF OF
1 Matthew Kiersted Mac Hollowell 60 1 2 2
2 Victor Mete Jacob Middleton 40 1 2 2
4 vs 4 Forward
Center Wing Time % Phy DF OF
1 Garret Pilon Hayden Hodgson 60 1 2 2
2 Jasper Weatherby Fredrik Olofsson 40 1 2 2
4 vs 4 Defense
Defense Defense Time % Phy DF OF
1 Jakub Zboril Dylan Coghlan 60 1 2 2
2 Victor Mete Mac Hollowell 40 1 2 2
Last Minutes Offensive
Center Left Wing Right Wing Defense Defense
Tanner Richard Eric Robinson Maksim Sushko Jakub Zboril Dylan Coghlan
Last Minutes Defensive
Center Left Wing Right Wing Defense Defense
Tanner Richard Hayden Hodgson Thomas Spelling Jakub Zboril Dylan Coghlan
Goaltenders
Starting : Magnus Hellberg
Backup : Jakub Skarek
Extra Forwards
Normal : Maksim Sushko, Fredrik Olofsson, Jasper Weatherby - PP : Maksim Sushko, Fredrik Olofsson - PK : Garret Pilon
Extra Defensemen
Normal : Matthew Kiersted, Jacob Middleton, Victor Mete - PP : Matthew Kiersted - PK : Jacob Middleton, Victor Mete
Penalty Shots
Tanner Richard, Hayden Hodgson, Pierre-Luc Dubois, Thomas Spelling, Eric Robinson
Custom OT Lines Forwards
Tanner Richard, Hayden Hodgson, Pierre-Luc Dubois, Thomas Spelling, Eric Robinson, Fredrik Olofsson, Wade Allison, Garret Pilon, Jasper Weatherby, Jonah Gadjovich
Custom OT Lines Defensemen
Jakub Zboril, Dylan Coghlan, Victor Mete, Mac Hollowell, Matthew Kiersted
Scratches
Sasha Chmelevski (Healthy), Jacob Olofsson (Healthy), Kyle Capobianco (Healthy), Parker Kelly (Healthy), Artur Kayumov (Healthy)
Stelio Mattheos (Healthy), Nikita Alexandrov (Healthy), Valentin Nussbaumer (Healthy), John Ludvig (Healthy), Maxence Guenette (Healthy)
Bobby Brink (Healthy), Cayden Primeau (Healthy), Ian Scott (Healthy)
% Time on Ice - Gulls
Lines # - Real PCT - Wanted PCT - Time Play
Normal Forward
1 - 35% - 40% - 17:59
2 - 28% - 30% - 14:13
3 - 22% - 20% - 11:12
4 - 14% - 10% - 7:20
Normal Defense
1 - 36% - 40% - 18:28
2 - 34% - 30% - 17:20
3 - 23% - 20% - 11:31
4 - 7% - 10% - 3:25
PP Forward
1 - 68% - 60% - 3:16
2 - 32% - 40% - 1:33
PP Defense
1 - 71% - 60% - 3:26
2 - 29% - 40% - 1:23
PK Forward
1 - 100% - 60% - 2:13
2 - 0% - 40% - 0:00
PK Defense
1 - 50% - 60% - 1:06
2 - 50% - 40% - 1:07
PK3 Forward
1 - 0% - 60%
2 - 0% - 40%
PK3 Defense
1 - 0% - 60%
2 - 0% - 40%
44 Forward
1 - 100% - 60% - 1:45
2 - 0% - 40% - 0:00
44 Defense
1 - 50% - 60% - 0:52
2 - 50% - 40% - 0:53
Last Minute Offensive - 0:29
Last Minute Defensive - 0:00
Total
Forward - 60:00
Defense - 60:00
|
% Time on Ice - Firebirds
Lines # - Real PCT - Wanted PCT - Time Play
Normal Forward
1 - 35% - 40% - 17:48
2 - 32% - 30% - 16:12
3 - 19% - 20% - 9:51
4 - 14% - 10% - 6:57
Normal Defense
1 - 40% - 40% - 20:08
2 - 33% - 34% - 16:53
3 - 25% - 25% - 12:28
4 - 3% - 1% - 1:19
PP Forward
1 - 47% - 60% - 1:03
2 - 53% - 40% - 1:10
PP Defense
1 - 62% - 60% - 1:22
2 - 38% - 40% - 0:51
PK Forward
1 - 88% - 60% - 3:35
2 - 12% - 40% - 0:30
PK Defense
1 - 65% - 60% - 2:39
2 - 35% - 40% - 1:26
PK3 Forward
1 - 100% - 60% - 0:44
2 - 0% - 40% - 0:00
PK3 Defense
1 - 100% - 60% - 0:44
2 - 0% - 40% - 0:00
44 Forward
1 - 83% - 60% - 1:27
2 - 17% - 40% - 0:18
44 Defense
1 - 63% - 60% - 1:06
2 - 37% - 40% - 0:39
Last Minute Offensive - 0:00
Last Minute Defensive - 0:25
Total
Forward - 60:00
Defense - 60:00
|
Play-by-Play
1st period
0:01 of 1st period - Hayden Hodgson wins face-off versus Dominic Turgeon in neutral zone.
0:11 of 1st period - Off-side.
0:12 of 1st period - Luke Kunin wins face-off versus Pierre-Luc Dubois in neutral zone.
0:45 of 1st period - Slapshot by Scott Wilson.
0:45 of 1st period - Shot Blocked by Eric Robinson.
1:31 of 1st period - Wrist shot by Wade Allison.
1:31 of 1st period - Shot Misses the Net.
1:33 of 1st period - Slapshot by Victor Mete.
1:33 of 1st period - Shot Blocked by Jack Glover.
1:35 of 1st period - Slapshot by Mac Hollowell.
1:35 of 1st period - Deflect By Wade Allison.
1:35 of 1st period - Shot Misses the Net.
1:35 of 1st period - Puck is out of play.
1:36 of 1st period - Anton Blidh wins face-off versus Tanner Richard in Gulls zone.
1:45 of 1st period - Wrist shot by Tanner Richard.
1:45 of 1st period - Shot Blocked by Dylan DeMelo.
2:01 of 1st period - Andrei Mironov is hit by Garret Pilon and loses puck.
2:06 of 1st period - Snap shot by Fredrik Olofsson.
2:06 of 1st period - Shot Hit the Post.
2:22 of 1st period - Snap shot by Jonah Gadjovich.
2:22 of 1st period - Stopped by Eamon McAdam with a rebound.
2:24 of 1st period - Snap shot by Matej Blumel.
2:24 of 1st period - Stopped by Eamon McAdam with a rebound.
3:18 of 1st period - Ryan Collins is hit by Jasper Weatherby and loses puck.
3:52 of 1st period - Hayden Hodgson is hit by Dylan DeMelo and loses puck.
4:03 of 1st period - Snap shot by Thomas Spelling.
4:03 of 1st period - Stopped by Eamon McAdam without a rebound.
4:04 of 1st period - Massimo Rizzo wins face-off versus Jasper Weatherby in Gulls zone.
4:15 of 1st period - Snap shot by Matej Blumel.
4:15 of 1st period - Stopped by Eamon McAdam with a rebound.
4:17 of 1st period - Slapshot by Matthew Kiersted.
4:17 of 1st period - Shot Misses the Net.
4:19 of 1st period - Snap shot by Jasper Weatherby.
4:19 of 1st period - Shot Misses the Net.
4:58 of 1st period - Snap shot by Tanner Richard.
4:58 of 1st period - Shot Misses the Net.
5:00 of 1st period - Snap shot by Hayden Hodgson.
5:00 of 1st period - Shot Misses the Net.
5:02 of 1st period - Snap shot by Hayden Hodgson.
5:02 of 1st period - Stopped by Eamon McAdam with a rebound.
5:58 of 1st period - Slapshot by Wade Allison.
5:58 of 1st period - Stopped by Eamon McAdam with a rebound.
6:00 of 1st period - Wrist shot by Wade Allison.
6:00 of 1st period - Shot Blocked by Jakub Vrana.
6:02 of 1st period - Slapshot by Dylan Coghlan.
6:02 of 1st period - Stopped by Eamon McAdam without a rebound.
6:03 of 1st period - Calvin Thurkauf wins face-off versus Tanner Richard in Gulls zone.
6:12 of 1st period - Snap shot by Tanner Richard.
6:12 of 1st period - Shot Blocked by Drew Helleson.
6:14 of 1st period - Snap shot by Tanner Richard.
6:14 of 1st period - Deflect By Thomas Spelling.
6:14 of 1st period - Stopped by Eamon McAdam without a rebound.
6:15 of 1st period - Jakub Vrana wins face-off versus Tanner Richard in Gulls zone.
6:42 of 1st period - Matthew Kiersted is hit by Luke Kunin.
7:04 of 1st period - Slapshot by Henri Ikonen.
7:04 of 1st period - Deflect By Troy Terry.
7:04 of 1st period - Shot Misses the Net.
7:04 of 1st period - Puck is out of play.
7:05 of 1st period - Calvin Thurkauf wins face-off versus Tanner Richard in Firebirds zone.
7:08 of 1st period - Snap shot by Henri Ikonen.
7:08 of 1st period - Shot Blocked by Hayden Hodgson.
7:18 of 1st period - Slapshot by Tanner Richard.
7:18 of 1st period - Stopped by Eamon McAdam with a rebound.
7:20 of 1st period - Slapshot by Hayden Hodgson.
7:20 of 1st period - Shot Misses the Net.
7:30 of 1st period - Dominic Turgeon is hit by Pierre-Luc Dubois.
7:36 of 1st period - Snap shot by Jakub Vrana.
7:36 of 1st period - Stopped by Magnus Hellberg without a rebound.
7:37 of 1st period - Dominic Turgeon wins face-off versus Tanner Richard in Firebirds zone.
7:48 of 1st period - Wrist shot by Thomas Spelling.
7:48 of 1st period - Shot Misses the Net.
7:50 of 1st period - Snap shot by Tanner Richard.
7:50 of 1st period - Shot Misses the Net.
9:12 of 1st period - Wrist shot by Thomas Spelling.
9:12 of 1st period - Shot Blocked by Andrei Mironov.
9:30 of 1st period - Slapshot by Sergey Tolchinsky.
9:30 of 1st period - Stopped by Magnus Hellberg with a rebound.
9:32 of 1st period - Snap shot by Sergey Tolchinsky.
9:32 of 1st period - Shot Misses the Net.
10:23 of 1st period - Off-side.
10:24 of 1st period - Dominic Turgeon wins face-off versus Tanner Richard in neutral zone.
10:27 of 1st period - Wrist shot by Jakub Vrana.
10:27 of 1st period - Stopped by Magnus Hellberg with a rebound.
10:29 of 1st period - Snap shot by Jakub Vrana.
10:29 of 1st period - Shot Misses the Net.
10:31 of 1st period - Slapshot by Jack Glover.
10:31 of 1st period - Shot Blocked by Hayden Hodgson.
10:37 of 1st period - Wrist shot by Jakub Vrana.
10:37 of 1st period - Stopped by Magnus Hellberg with a rebound.
10:39 of 1st period - Wrist shot by Jakub Vrana.
10:39 of 1st period - Shot Misses the Net.
11:22 of 1st period - Jakub Zboril is hit by Luke Kunin and loses puck.
11:41 of 1st period - Dominic Turgeon is hit by Garret Pilon.
12:03 of 1st period - Nick Merkley is hit by Jasper Weatherby and loses puck.
12:16 of 1st period - Calvin Thurkauf is hit by Matthew Kiersted and loses puck.
12:35 of 1st period - Garret Pilon is hit by Tarmo Reunanen and loses puck.
12:54 of 1st period - Wrist shot by Jakub Vrana.
12:54 of 1st period - Shot Blocked by Matej Blumel.
12:56 of 1st period - Backhand shot by Dominic Turgeon.
12:56 of 1st period - Goal by Dominic Turgeon - Gulls : 1 - Firebirds : 0.
12:57 of 1st period - Dominic Turgeon wins face-off versus Tanner Richard in neutral zone.
13:23 of 1st period - Dylan DeMelo is hit by Jakub Zboril and loses puck.
13:54 of 1st period - Slapshot by Nick Merkley.
13:54 of 1st period - Deflect By Massimo Rizzo.
13:54 of 1st period - Stopped by Magnus Hellberg with a rebound.
13:57 of 1st period - Icing by Fredrik Olofsson.
13:58 of 1st period - Garret Pilon wins face-off versus Dominic Turgeon in Firebirds zone.
14:09 of 1st period - Snap shot by Garret Pilon.
14:09 of 1st period - Deflect By Dominic Turgeon.
14:09 of 1st period - Stopped by Eamon McAdam with a rebound.
15:04 of 1st period - Wrist shot by Mikhail Maltsev.
15:04 of 1st period - Stopped by Magnus Hellberg with a rebound.
15:20 of 1st period - Snap shot by Fredrik Olofsson.
15:20 of 1st period - Stopped by Eamon McAdam without a rebound.
15:21 of 1st period - Garret Pilon wins face-off versus Dominic Turgeon in Gulls zone.
15:50 of 1st period - Troy Terry is hit by Garret Pilon and loses puck.
16:37 of 1st period - Jakub Vrana is hit by Thomas Spelling.
17:17 of 1st period - Snap shot by Calvin Thurkauf.
17:17 of 1st period - Stopped by Magnus Hellberg without a rebound.
17:18 of 1st period - Dominic Turgeon wins face-off versus Jonah Gadjovich in Firebirds zone.
17:47 of 1st period - Off-side.
17:48 of 1st period - Luke Kunin wins face-off versus Tanner Richard in neutral zone.
18:01 of 1st period - Hayden Hodgson is hit by Sergey Tolchinsky and loses puck.
18:24 of 1st period - Snap shot by Thomas Spelling.
18:24 of 1st period - Shot Misses the Net.
19:28 of 1st period - Slapshot by Thomas Spelling.
19:28 of 1st period - Stopped by Eamon McAdam without a rebound.
19:29 of 1st period - Dominic Turgeon wins face-off versus Pierre-Luc Dubois in Gulls zone.
19:54 of 1st period - Henri Ikonen is hit by Fredrik Olofsson.
Goals for this period are 1 for Gulls vs 0 for Firebirds.
Shots for this period are 8 for Gulls vs 12 for Firebirds.
2nd period
0:01 of 2nd period - Dominic Turgeon wins face-off versus Tanner Richard in neutral zone.
0:12 of 2nd period - Wrist shot by Thomas Spelling.
0:12 of 2nd period - Shot Misses the Net.
0:14 of 2nd period - Slapshot by Victor Mete.
0:14 of 2nd period - Stopped by Eamon McAdam with a rebound.
0:16 of 2nd period - Wrist shot by Tanner Richard.
0:16 of 2nd period - Shot Misses the Net.
0:26 of 2nd period - Eric Robinson is hit by Troy Terry.
0:46 of 2nd period - Slapshot by Mikhail Maltsev.
0:46 of 2nd period - Deflect By Nick Merkley.
0:46 of 2nd period - Shot Misses the Net.
0:46 of 2nd period - Puck is out of play.
0:47 of 2nd period - Garret Pilon wins face-off versus Massimo Rizzo in Firebirds zone.
1:19 of 2nd period - Snap shot by Anton Blidh.
1:19 of 2nd period - Stopped by Magnus Hellberg without a rebound.
1:20 of 2nd period - Dominic Turgeon wins face-off versus Pierre-Luc Dubois in Firebirds zone.
1:33 of 2nd period - Snap shot by Eric Robinson.
1:33 of 2nd period - Stopped by Eamon McAdam with a rebound.
1:44 of 2nd period - Off-side.
1:45 of 2nd period - Luke Kunin wins face-off versus Tanner Richard in neutral zone.
1:48 of 2nd period - Slapshot by Dylan DeMelo.
1:48 of 2nd period - Shot Blocked by Dylan Coghlan.
2:00 of 2nd period - Wrist shot by Tanner Richard.
2:00 of 2nd period - Stopped by Eamon McAdam with a rebound.
2:12 of 2nd period - Dylan DeMelo is hit by Pierre-Luc Dubois and loses puck.
3:05 of 2nd period - Snap shot by Mikhail Maltsev.
3:05 of 2nd period - Shot Misses the Net.
3:34 of 2nd period - Eric Robinson is hit by Ryan Collins and loses puck.
3:39 of 2nd period - Slapshot by Anton Blidh.
3:39 of 2nd period - Goal by Anton Blidh - Gulls : 2 - Firebirds : 0.
3:40 of 2nd period - Dominic Turgeon wins face-off versus Tanner Richard in neutral zone.
3:47 of 2nd period - Snap shot by Jakub Vrana.
3:47 of 2nd period - Shot Blocked by Jakub Zboril.
4:05 of 2nd period - Dylan DeMelo is hit by Jakub Zboril and loses puck.
4:14 of 2nd period - Wrist shot by Scott Wilson.
4:14 of 2nd period - Stopped by Magnus Hellberg with a rebound.
4:32 of 2nd period - Tarmo Reunanen is hit by Garret Pilon and loses puck.
5:29 of 2nd period - Hayden Hodgson is hit by Scott Wilson and loses puck.
5:34 of 2nd period - Slapshot by Luke Kunin.
5:34 of 2nd period - Shot Misses the Net.
5:45 of 2nd period - Off-side.
5:46 of 2nd period - Calvin Thurkauf wins face-off versus Pierre-Luc Dubois in neutral zone.
5:57 of 2nd period - Snap shot by Henri Ikonen.
5:57 of 2nd period - Shot Blocked by Wade Allison.
5:59 of 2nd period - Slapshot by Henri Ikonen.
5:59 of 2nd period - Stopped by Magnus Hellberg with a rebound.
6:18 of 2nd period - Snap shot by Fredrik Olofsson.
6:18 of 2nd period - Stopped by Eamon McAdam without a rebound.
6:19 of 2nd period - Garret Pilon wins face-off versus Dominic Turgeon in Gulls zone.
6:26 of 2nd period - Slapshot by Garret Pilon.
6:26 of 2nd period - Shot Blocked by Dominic Turgeon.
6:54 of 2nd period - Snap shot by Tanner Richard.
6:54 of 2nd period - Goal by Tanner Richard - Gulls : 2 - Firebirds : 1.
6:55 of 2nd period - Dominic Turgeon wins face-off versus Tanner Richard in neutral zone.
7:05 of 2nd period - Andrei Mironov is hit by Jakub Zboril and loses puck.
8:16 of 2nd period - Jasper Weatherby is hit by Dominic Turgeon.
8:22 of 2nd period - Wrist shot by Matej Blumel.
8:22 of 2nd period - Shot Blocked by Tarmo Reunanen.
8:24 of 2nd period - Snap shot by Matej Blumel.
8:24 of 2nd period - Goal by Matej Blumel - Gulls : 2 - Firebirds : 2.
8:25 of 2nd period - Tanner Richard wins face-off versus Dominic Turgeon in neutral zone.
8:52 of 2nd period - Pierre-Luc Dubois is hit by Scott Wilson and loses puck.
9:29 of 2nd period - Off-side.
9:30 of 2nd period - Massimo Rizzo wins face-off versus Fredrik Olofsson in neutral zone.
10:20 of 2nd period - Jakub Zboril is hit by Luke Kunin and loses puck.
11:03 of 2nd period - Snap shot by Fredrik Olofsson.
11:03 of 2nd period - Goal by Fredrik Olofsson - Gulls : 2 - Firebirds : 3.
11:04 of 2nd period - Tanner Richard wins face-off versus Anton Blidh in neutral zone.
11:19 of 2nd period - Backhand shot by Hayden Hodgson.
11:19 of 2nd period - Stopped by Eamon McAdam with a rebound.
11:38 of 2nd period - Snap shot by Dylan DeMelo.
11:38 of 2nd period - Stopped by Magnus Hellberg without a rebound.
11:39 of 2nd period - Pierre-Luc Dubois wins face-off versus Calvin Thurkauf in Firebirds zone.
12:01 of 2nd period - Icing by Andrei Mironov.
12:02 of 2nd period - Tanner Richard wins face-off versus Calvin Thurkauf in Gulls zone.
12:03 of 2nd period - Wrist shot by Hayden Hodgson.
12:03 of 2nd period - Shot Misses the Net.
12:05 of 2nd period - Slapshot by Mac Hollowell.
12:05 of 2nd period - Deflect By Thomas Spelling.
12:05 of 2nd period - Stopped by Eamon McAdam with a rebound.
12:35 of 2nd period - Wrist shot by Jakub Vrana.
12:35 of 2nd period - Stopped by Magnus Hellberg without a rebound.
12:36 of 2nd period - Dominic Turgeon wins face-off versus Tanner Richard in Firebirds zone.
12:50 of 2nd period - Off-side.
12:51 of 2nd period - Pierre-Luc Dubois wins face-off versus Luke Kunin in neutral zone.
13:26 of 2nd period - Wrist shot by Tanner Richard.
13:26 of 2nd period - Deflect By Thomas Spelling.
13:26 of 2nd period - Stopped by Eamon McAdam without a rebound.
13:27 of 2nd period - Dominic Turgeon wins face-off versus Tanner Richard in Gulls zone.
13:48 of 2nd period - Minor Penalty to Thomas Spelling for Tripping.
13:49 of 2nd period - Tanner Richard wins face-off versus Dominic Turgeon in Firebirds zone.
15:48 of 2nd period - Penalty to Thomas Spelling is over, Thomas Spelling is back on ice.
16:00 of 2nd period - Wrist shot by Henri Ikonen.
16:00 of 2nd period - Stopped by Magnus Hellberg with a rebound.
16:02 of 2nd period - Snap shot by Henri Ikonen.
16:02 of 2nd period - Shot Misses the Net.
16:04 of 2nd period - Wrist shot by Troy Terry.
16:04 of 2nd period - Gulls goal is going for a video replay.
16:04 of 2nd period - The goal is refused. The net was displaced accidentally..
16:05 of 2nd period - Calvin Thurkauf wins face-off versus Jasper Weatherby in Firebirds zone.
16:22 of 2nd period - Wrist shot by Jonah Gadjovich.
16:22 of 2nd period - Goal by Jonah Gadjovich - Gulls : 2 - Firebirds : 4.
16:23 of 2nd period - Tanner Richard wins face-off versus Dominic Turgeon in neutral zone.
16:36 of 2nd period - Snap shot by Tanner Richard.
16:36 of 2nd period - Stopped by Eamon McAdam with a rebound.
16:38 of 2nd period - Snap shot by Tanner Richard.
16:38 of 2nd period - Deflect By Hayden Hodgson.
16:38 of 2nd period - Shot Misses the Net.
16:38 of 2nd period - Puck is out of play.
16:39 of 2nd period - Sergey Tolchinsky wins face-off versus Pierre-Luc Dubois in Gulls zone.
16:55 of 2nd period - Slapshot by Pierre-Luc Dubois.
16:55 of 2nd period - Stopped by Eamon McAdam with a rebound.
17:30 of 2nd period - Slapshot by Garret Pilon.
17:30 of 2nd period - Shot Misses the Net.
17:55 of 2nd period - Slapshot by Mikhail Maltsev.
17:55 of 2nd period - Stopped by Magnus Hellberg without a rebound.
17:56 of 2nd period - Massimo Rizzo wins face-off versus Thomas Spelling in Firebirds zone.
18:21 of 2nd period - Anton Blidh is hit by Pierre-Luc Dubois.
18:43 of 2nd period - Snap shot by Fredrik Olofsson.
18:43 of 2nd period - Shot Misses the Net.
19:04 of 2nd period - Jack Glover is hit by Jonah Gadjovich and loses puck.
19:23 of 2nd period - Victor Mete is hit by Massimo Rizzo and loses puck.
19:32 of 2nd period - Snap shot by Mikhail Maltsev.
19:32 of 2nd period - Shot Blocked by Thomas Spelling.
19:38 of 2nd period - Massimo Rizzo is hit by Victor Mete.
19:52 of 2nd period - Snap shot by Pierre-Luc Dubois.
19:52 of 2nd period - Deflect By Eric Robinson.
19:52 of 2nd period - Shot Misses the Net.
19:52 of 2nd period - Puck is out of play.
19:53 of 2nd period - Dominic Turgeon wins face-off versus Pierre-Luc Dubois in Gulls zone.
19:53 of 2nd period - Dominic Turgeon is hit by Dylan Coghlan.
Goals for this period are 1 for Gulls vs 4 for Firebirds.
Shots for this period are 9 for Gulls vs 13 for Firebirds.
3rd period
0:01 of 3rd period - Tanner Richard wins face-off versus Dominic Turgeon in neutral zone.
0:04 of 3rd period - Minor Penalty to Jakub Zboril for Holding Stick.
0:05 of 3rd period - Dominic Turgeon wins face-off versus Tanner Richard in Firebirds zone.
0:06 of 3rd period - Wrist shot by Jakub Vrana.
0:06 of 3rd period - Shot Misses the Net.
0:08 of 3rd period - Slapshot by Andrei Mironov.
0:08 of 3rd period - Shot Blocked by Dylan Coghlan.
0:10 of 3rd period - Slapshot by Dylan DeMelo.
0:10 of 3rd period - Stopped by Magnus Hellberg with a rebound.
0:12 of 3rd period - Slapshot by Andrei Mironov.
0:12 of 3rd period - Deflect By Dominic Turgeon.
0:12 of 3rd period - Shot Misses the Net.
0:12 of 3rd period - Puck is out of play.
0:13 of 3rd period - Dominic Turgeon wins face-off versus Tanner Richard in Firebirds zone.
0:16 of 3rd period - Snap shot by Jakub Vrana.
0:16 of 3rd period - Shot Hit the Post.
0:18 of 3rd period - Wrist shot by Dominic Turgeon.
0:18 of 3rd period - Goal by Dominic Turgeon - Gulls : 3 - Firebirds : 4.
0:19 of 3rd period - Dominic Turgeon wins face-off versus Tanner Richard in neutral zone.
0:27 of 3rd period - Icing by Jakub Zboril.
0:28 of 3rd period - Dominic Turgeon wins face-off versus Hayden Hodgson in Firebirds zone.
0:29 of 3rd period - Backhand shot by Anton Blidh.
0:29 of 3rd period - Stopped by Magnus Hellberg with a rebound.
0:57 of 3rd period - Slapshot by Andrei Mironov.
0:57 of 3rd period - Shot Misses the Net.
1:17 of 3rd period - Slapshot by Jakub Zboril.
1:17 of 3rd period - Shot Blocked by Andrei Mironov.
1:19 of 3rd period - Slapshot by Jakub Zboril.
1:19 of 3rd period - Deflect By Hayden Hodgson.
1:19 of 3rd period - Shot Misses the Net.
1:19 of 3rd period - Puck is out of play.
1:20 of 3rd period - Luke Kunin wins face-off versus Pierre-Luc Dubois in Gulls zone.
2:06 of 3rd period - Off-side.
2:07 of 3rd period - Jasper Weatherby wins face-off versus Massimo Rizzo in neutral zone.
2:22 of 3rd period - Snap shot by Mikhail Maltsev.
2:22 of 3rd period - Stopped by Magnus Hellberg with a rebound.
2:57 of 3rd period - Slapshot by Sergey Tolchinsky.
2:57 of 3rd period - Shot Blocked by Jacob Middleton.
3:03 of 3rd period - Scott Wilson is hit by Wade Allison and loses puck.
3:55 of 3rd period - Snap shot by Jakub Vrana.
3:55 of 3rd period - Stopped by Magnus Hellberg with a rebound.
4:15 of 3rd period - Eric Robinson is hit by Dylan DeMelo and loses puck.
5:04 of 3rd period - Slapshot by Mikhail Maltsev.
5:04 of 3rd period - Stopped by Magnus Hellberg without a rebound.
5:05 of 3rd period - Tanner Richard wins face-off versus Dominic Turgeon in Firebirds zone.
5:05 of 3rd period - Tanner Richard is hit by Anton Blidh.
5:13 of 3rd period - Snap shot by Dominic Turgeon.
5:13 of 3rd period - Stopped by Magnus Hellberg with a rebound.
5:21 of 3rd period - Snap shot by Tanner Richard.
5:21 of 3rd period - Stopped by Eamon McAdam without a rebound.
5:22 of 3rd period - Pierre-Luc Dubois wins face-off versus Luke Kunin in Gulls zone.
5:36 of 3rd period - Snap shot by Luke Kunin.
5:36 of 3rd period - Shot Blocked by Matthew Kiersted.
5:38 of 3rd period - Snap shot by Luke Kunin.
5:38 of 3rd period - Shot Misses the Net.
6:14 of 3rd period - Snap shot by Garret Pilon.
6:14 of 3rd period - Deflect By Fredrik Olofsson.
6:14 of 3rd period - Shot Misses the Net.
6:14 of 3rd period - Puck is out of play.
6:15 of 3rd period - Pierre-Luc Dubois wins face-off versus Calvin Thurkauf in Gulls zone.
6:54 of 3rd period - Backhand shot by Dylan DeMelo.
6:54 of 3rd period - Stopped by Magnus Hellberg without a rebound.
6:55 of 3rd period - Dominic Turgeon wins face-off versus Garret Pilon in Firebirds zone.
7:00 of 3rd period - Snap shot by Dominic Turgeon.
7:00 of 3rd period - Stopped by Magnus Hellberg with a rebound.
7:14 of 3rd period - Snap shot by Garret Pilon.
7:14 of 3rd period - Shot Blocked by Drew Helleson.
7:16 of 3rd period - Slapshot by Garret Pilon.
7:16 of 3rd period - Stopped by Eamon McAdam without a rebound.
7:17 of 3rd period - Luke Kunin wins face-off versus Hayden Hodgson in Gulls zone.
7:32 of 3rd period - Snap shot by Luke Kunin.
7:32 of 3rd period - Stopped by Magnus Hellberg with a rebound.
7:52 of 3rd period - Minor Penalty to Pierre-Luc Dubois for Holding Stick.
7:53 of 3rd period - Tanner Richard wins face-off versus Dominic Turgeon in Firebirds zone.
8:15 of 3rd period - Minor Penalty to Tanner Richard for Tripping.
8:16 of 3rd period - Dominic Turgeon wins face-off versus Garret Pilon in Firebirds zone.
8:28 of 3rd period - Wrist shot by Jakub Vrana.
8:28 of 3rd period - Stopped by Magnus Hellberg without a rebound.
8:29 of 3rd period - Garret Pilon wins face-off versus Dominic Turgeon in Firebirds zone.
8:39 of 3rd period - Icing by Andrei Mironov.
8:40 of 3rd period - Garret Pilon wins face-off versus Dominic Turgeon in Gulls zone.
8:45 of 3rd period - Backhand shot by Matthew Kiersted.
8:45 of 3rd period - Stopped by Eamon McAdam without a rebound.
8:46 of 3rd period - Dominic Turgeon wins face-off versus Garret Pilon in Gulls zone.
8:53 of 3rd period - Wrist shot by Jakub Vrana.
8:53 of 3rd period - Shot Misses the Net.
8:57 of 3rd period - Slapshot by Dominic Turgeon.
8:57 of 3rd period - Stopped by Magnus Hellberg with a rebound.
8:59 of 3rd period - Snap shot by Anton Blidh.
8:59 of 3rd period - Goal by Anton Blidh - Gulls : 4 - Firebirds : 4.
9:00 of 3rd period - Dominic Turgeon wins face-off versus Hayden Hodgson in neutral zone.
10:15 of 3rd period - Penalty to Tanner Richard is over, Tanner Richard is back on ice.
11:00 of 3rd period - Minor Penalty to Jacob Middleton for Roughing.
11:01 of 3rd period - Dominic Turgeon wins face-off versus Tanner Richard in Firebirds zone.
11:14 of 3rd period - Minor Penalty to Jakub Vrana for High sticking.
11:15 of 3rd period - Anton Blidh wins face-off versus Garret Pilon in Gulls zone.
11:31 of 3rd period - Wrist shot by Dominic Turgeon.
11:31 of 3rd period - Shot Misses the Net.
12:06 of 3rd period - Snap shot by Jasper Weatherby.
12:06 of 3rd period - Shot Blocked by Tarmo Reunanen.
12:18 of 3rd period - Wrist shot by Jasper Weatherby.
12:18 of 3rd period - Goal by Jasper Weatherby - Gulls : 4 - Firebirds : 5.
12:19 of 3rd period - Anton Blidh wins face-off versus Garret Pilon in neutral zone.
12:49 of 3rd period - Garret Pilon is hit by Tarmo Reunanen and loses puck.
13:00 of 3rd period - Penalty to Jacob Middleton is over, Jacob Middleton is back on ice.
13:14 of 3rd period - Penalty to Jakub Vrana is over, Jakub Vrana is back on ice.
13:27 of 3rd period - Wrist shot by Fredrik Olofsson.
13:27 of 3rd period - Shot Hit the Post.
13:57 of 3rd period - Wrist shot by Fredrik Olofsson.
13:57 of 3rd period - Shot Blocked by Jack Glover.
14:32 of 3rd period - Snap shot by Jakub Vrana.
14:32 of 3rd period - Shot Blocked by Dylan Coghlan.
14:34 of 3rd period - Snap shot by Jack Glover.
14:34 of 3rd period - Stopped by Magnus Hellberg with a rebound.
14:36 of 3rd period - Slapshot by Jack Glover.
14:36 of 3rd period - Deflect By Nick Merkley.
14:36 of 3rd period - Stopped by Magnus Hellberg without a rebound.
14:37 of 3rd period - Luke Kunin wins face-off versus Tanner Richard in Firebirds zone.
14:38 of 3rd period - Backhand shot by Sergey Tolchinsky.
14:38 of 3rd period - Deflect By Scott Wilson.
14:38 of 3rd period - Shot Misses the Net.
14:38 of 3rd period - Puck is out of play.
14:39 of 3rd period - Luke Kunin wins face-off versus Tanner Richard in Firebirds zone.
14:40 of 3rd period - Slapshot by Scott Wilson.
14:40 of 3rd period - Stopped by Magnus Hellberg with a rebound.
15:17 of 3rd period - Wrist shot by Troy Terry.
15:17 of 3rd period - Shot Misses the Net.
16:12 of 3rd period - Wade Allison is hit by Jakub Vrana and loses puck.
16:37 of 3rd period - Eric Robinson is hit by Troy Terry and loses puck.
16:48 of 3rd period - Ryan Collins is hit by Fredrik Olofsson and loses puck.
17:00 of 3rd period - Minor Penalty to Jakub Vrana for Roughing.
17:01 of 3rd period - Nick Merkley wins face-off versus Tanner Richard in Gulls zone.
18:01 of 3rd period - Victor Mete is hit by Anton Blidh and loses puck.
19:00 of 3rd period - Penalty to Jakub Vrana is over, Jakub Vrana is back on ice.
19:11 of 3rd period - Gulls, Eamon McAdam is pulled from the net.
19:29 of 3rd period - Slapshot by Jakub Zboril.
19:29 of 3rd period - Goal by Jakub Zboril - Gulls : 4 - Firebirds : 6.
19:29 of 3rd period - Eamon McAdam from Gulls was sent back in the game.
19:30 of 3rd period - Dominic Turgeon wins face-off versus Pierre-Luc Dubois in neutral zone.
Goals for this period are 2 for Gulls vs 2 for Firebirds.
Shots for this period are 16 for Gulls vs 5 for Firebirds.